 Dungeon Crawl Stone Soup version 0.28-a0-410-gbef64dd269 (webtiles) character file.

Game seed: 2151138369676168540

197 zero the Sneak (level 5, 0/34 HPs)
             Began as an Octopode Conjurer on Sept 6, 2021.
             Slain by a phantom (2 damage)
             ... on level 4 of the Dungeon.
             The game lasted 00:04:50 (6195 turns).

zero the Sneak (Octopode Conjurer)                  Turns: 6195, Time: 00:04:51

Health: 0/34       AC:  1    Str:  6    XL:     5   Next: 75%
Magic:  2/8        EV: 13    Int: 21    God:
Gold:   100        SH:  0    Dex: 11    Spells: 1/8 levels left

rFire   . . .      SeeInvis .     - Unarmed
rCold   . . .      Faith    .   (no shield)
rNeg    . . .      Spirit   .   (helmet restricted)
rPois   .          Reflect  .   (no amulet)
rElec   .          Harm     .   (no ring)
rCorr   .          Rampage  .   (no ring)
Will    .....                   (no ring)
Stlth   ++++......              (no ring)
HPRegen 0.11/turn               (no ring)
MPRegen 0.11/turn               (no ring)
                                (no ring)
                                (no ring)

@: no status effects
A: almost no armour, amphibious, 8 rings, camouflage 1, gelatinous body 1,
(nimble swimmer 1), tentacles
a: no special abilities


You were on level 4 of the Dungeon.
You visited 1 branch of the dungeon, and saw 4 of its levels.

You collected 100 gold pieces.

Inventory:

Missiles
 f - a throwing net
 h - 20 poisoned darts
Armour
 i - a +0 buckler
Scrolls
 a - a scroll of blinking {unknown}
 c - a scroll of noise {unknown}
 d - a scroll of vulnerability {unknown}
Potions
 b - 2 potions of ambrosia
 e - a potion of might
 g - a potion of haste {unknown}


   Skills:
 - Level 2.0 Fighting
 - Level 2.0 Dodging
 + Level 5.2 Stealth
 + Level 1.5 Shields
 + Level 2.8 Unarmed Combat
 + Level 2.1 Spellcasting
 - Level 4.0 Conjurations


You had one spell level left.
You knew the following spells:

 Your Spells              Type           Power      Damage    Failure   Level
a - Magic Dart            Conj           76%        1d6       2%          1
b - Searing Ray           Conj           38%        3d4       4%          2
c - Iskenderun's Mystic   Conj/Tloc      10%        2d4       54%         4

Your spell library contained the following spells:

 Spells                   Type           Power      Damage    Failure   Level
 Pain                     Necr           8%         1d4       14%         1
 Dazzling Flash           Conj/Hex       20%        N/A       19%         3
 Sublimation of Blood     Necr           1%         N/A       22%         2
 Fulminant Prism          Conj/Hex       5%         3d7       54%         4
 Animate Dead             Necr           1%         N/A       82%         4
 Petrify                  Tmut/Erth      2%         N/A       82%         4
 Irradiate                Conj/Tmut      5%         3d15      87%         5
 Agony                    Necr           2%         N/A       99%         5
 Borgnjor's Vile Clutch   Necr/Erth      1%         N/A       99%         5
 Excruciating Wounds      Necr           1%         N/A       99%         5
 Death Channel            Necr           1%         N/A       100%        6


Dungeon Overview and Level Annotations

Branches:
Dungeon (4/15)
 Temple: D:4-7

Altars:
Ashenzari
Xom
The Shining One

Shops:
D:1 [


Innate Abilities, Weirdness & Mutations

You cannot wear most types of armour.
You are amphibious.
You can wear up to eight rings at the same time.
Your skin changes colour to match your surroundings (Stealth+).
Your rubbery body absorbs attacks. (AC +1, EV +1)
((You are camouflaged near water. (Stealth+)))
You have tentacles for arms and can constrict up to eight enemies at once.


Message History

The phantom hits you. The phantom hits you.
Casting: Searing Ray (safe; 4% risk of failure)
Confirm with . or Enter, or press ? or * to list all spells.
You don't have enough magic to cast this spell.
The phantom hits you.
The phantom blinks!
You blink.
You tentacle-slap the phantom.
The phantom is heavily damaged.
The phantom barely misses you.
You tentacle-slap the phantom.
The phantom is heavily damaged.
The phantom hits you but does no damage.
You closely miss the phantom.
The phantom is heavily damaged.
The phantom hits you.
The phantom blinks!
You blink.
The phantom hits you.
You closely miss the phantom.
The phantom is heavily damaged.
The phantom hits you.
* * * LOW HITPOINT WARNING * * *
You tentacle-slap the phantom. You squeeze the phantom.
The phantom is severely damaged.
The phantom closely misses you.
You tentacle-slap the phantom.
The phantom is almost destroyed.
The phantom barely misses you.
You tentacle-slap the phantom but do no damage.
The phantom is almost destroyed.
The phantom closely misses you.
You barely miss the phantom.
The phantom is almost destroyed.
The phantom misses you.
You tentacle-slap the phantom but do no damage.
The phantom is severely damaged.
The phantom hits you!
* * * LOW HITPOINT WARNING * * *
You tentacle-slap the phantom.
The phantom is almost destroyed.
The phantom hits you.
You die...

##..###...).....# ##
##..# ##.......## ##.
##...# #........###..
#....####.##>.....###.
#.....#.....#....).###
#.....#.....#.......##
#.(...##...##........#
#......#...#....(.#...
#....@W##.##......##..
####....#.#....###....
###.##+##.###...###
###...###.....#
._.#.......#
...###....##
###.###..# .#....####
# .... #


You could see a phantom.

Vanquished Creatures
  An orc priest (D:4)
  7 adders
  A gnoll (D:1)
  A howler monkey skeleton (D:3)
  An ufetubus (D:4)
  A worm (D:3)
  A dart slug (D:1)
  An orc (D:3)
  6 endoplasms
  A giant cockroach (D:1)
  8 goblins
  8 hobgoblins
  4 jackals (D:1)
  6 quokkas
  6 ball pythons
  5 bats
  3 frilled lizards
  6 kobolds
  7 rats
74 creatures vanquished.

Notes
Turn   | Place    | Note
-------+----------+-------------------------------------------
     0 | D:1      | zero the Octopode Conjurer began the quest for the Orb.
     0 | D:1      | Reached XP level 1. HP: 11/11 MP: 3/3
  1608 | D:1      | Reached skill level 3 in Stealth
  1679 | D:1      | Reached skill level 1 in Unarmed Combat
  1679 | D:1      | Reached XP level 2. HP: 12/17 MP: 1/5
  1811 | D:1      | Found a faded altar of an unknown god.
  2366 | D:1      | Reached XP level 3. HP: 21/21 MP: 4/6
  2415 | D:1      | Reached skill level 4 in Stealth
  3197 | D:1      | Learned a level 2 spell: Searing Ray
  3216 | D:1      | Found Wesad's Armour Shop.
  3560 | D:2      | Reached skill level 1 in Fighting
  3560 | D:2      | Reached XP level 4. HP: 21/28 MP: 0/7
  3897 | D:2      | Found a shimmering altar of Xom.
  4410 | D:2      | HP: 1/28 [quokka (4)]
  4614 | D:2      | Learned a level 4 spell: Iskenderun's Mystic Blast
  5111 | D:3      | Reached skill level 1 in Shields
  5111 | D:3      | Reached XP level 5. HP: 33/33 MP: 4/8
  5327 | D:3      | Found a glowing golden altar of the Shining One.
  5629 | D:3      | Reached skill level 5 in Stealth
  6035 | D:4      | Found a broken altar of Ashenzari.
  6147 | D:4      | Noticed a phantom
  6195 | D:4      | Slain by a phantom

Illustrated notes

Levels and vault maps discovered:
D:1:      minmay_arrival_checkered_box, layout_loops_corners,
          shapermc_ecumenical_altar_starsandcircs, serial_shops, shop,
          minmay_misc_feat_nine_boxes
D:2:      layout_basic, basic_altar, minmay_quantized
D:3:      layout_basic, tso_metal_star
D:4:      layout_cave_pods, nicolae_ashenzari_panopticon

Skill      XL: |  1  2  3  4  5 |
---------------+----------------+-----
Stealth        | 3 4 5 |  5.2
Unarmed Combat | 1 2 |  2.8
Fighting       | 1 2 |  2.0
Shields        | 1 |  1.5
Dodging        | |  2.0
Spellcasting   | |  2.1
Conjurations   | |  4.0

Action                   |  1- 3 |  4- 6 || total
-------------------------+-------+-------++-------
Melee: Unarmed           |    30 |    25 ||    55
       Constrict         |     9 |     3 ||    12
       Tentacles         |     5 |     1 ||     6
Throw: Dart              |       |     1 ||     1
 Cast: Magic Dart        |    61 |    59 ||   120
       Searing Ray       |     1 |    10 ||    11
  Use: Potion            |       |     5 ||     5
       Scroll            |       |     3 ||     3
 Stab: Sleeping          |     1 |       ||     1
Armor: Skin              |     1 |     9 ||    10
Dodge: Dodged            |    29 |    40 ||    69

Table legend: (Time is in decaauts)
 A = Elapsed time spent in this place.
 B = Non-inter-level travel time spent in this place.
 C = Inter-level travel time spent in this place.
 D = Time resting spent in this place.
 E = Time spent auto-exploring this place.
 F = Levels seen in this place.
 G = Mean time per level.
                   A        B        C        D        E       F      G
               +--------+--------+--------+--------+--------+-----+--------+
         Total |   6194 |   6075 |    119 |   3295 |   2198 |   4 | 1548.5 |
       Dungeon |   6194 |   6075 |    119 |   3295 |   2198 |   4 | 1548.5 |
               +--------+--------+--------+--------+--------+-----+--------+

Top non-repeatable levels by time:
     D:1: 3424 daAuts
     D:2: 1546 daAuts
     D:3: 867 daAuts
     D:4: 355 daAuts
